Stars vs Wilds

Created - 12 mars 2022 at 16:30

Goals
1 2 3 T
Stars 0 1 1 2
Wilds 2 2 0 4
Shots
1 2 3 T
Stars 8 11 10 29
Wilds 17 14 12 43

GoalsPenalties
1st period
1. Wilds , Rasmus Asplund 3 (Charles Hudon 13, Kevin Shattenkirk 35) at 2:50
2. Wilds , Charles Hudon 8 (Shayne Gostisbehere 25) at 15:11
Ryan Suter (DAL) for Hooking (Minor) at 8:11
Colin White (MIN) for Interference (Minor) at 13:03
Deryk Engelland (DAL) for Cross-checking (Minor) at 18:26
Nico Sturm (MIN) for Holding (Minor) at 18:31
2nd period
3. Stars , Jason Robertson 16 (Ron Hainsey 19) at 0:09
4. Wilds , Shayne Gostisbehere 14 (Jesper Fast 12, Jordan Kyrou 19) at 2:54 (PP)
5. Wilds , Nico Sturm 12 (Jesper Fast 13, Luca Sbisa 28) at 15:03 (PP)
Jordan Greenway (DAL) for Hooking (Minor) at 1:05
Colin White (MIN) for Tripping (Minor) at 8:34
Dominik Simon (DAL) for Attempt to injure (Major / Game Misconduct) at 10:46
3rd period
6. Stars , Dylan Larkin 20 (Ryan Suter 28, Jordan Greenway 17) at 1:21
Brandon Sutter (MIN) for Interference (Minor) at 7:06
Luke Schenn (MIN) for Hooking (Minor) at 7:25
Deryk Engelland (DAL) for Hooking (Minor) at 14:58
Goalie Stats
Jake Oettinger (DAL), 39 saves from 43 shots - (0,907), L, 10-14-2, 60:00 minutes
Devan Dubnyk (MIN), 27 saves from 29 shots - (0,931), W, 17-28-6, 60:00 minutes
3 StarsOfficial
1 - Charles Hudon (MIN)
2 - Shayne Gostisbehere (MIN)
3 - Rasmus Asplund (MIN)
Referees : Kelly Sutherland and Frederick L'Ecuyer
Linesman : Mark Wheler and David Brisebois
Game Note
Dominik Simon (DAL) for Attempt to injure (Major / Game Misconduct) at 10:46
Dominik Simon ejected from game at 10:46 of 2nd period



Team Name Goals Shots Shots Attemp Shots Blocked PIM HIT PP PK FO%
Stars 229581023200 / 5 (0%)246%
Wilds 44379610192 / 6 (33%)054%

Stars
Player Name POS G A P +/- PIM HIT SHT SB MP PP MP PP SHT PK MP PK SHT FO% FOT
Andreas AthanasiouC000-1012010:310:0000:00031% 16
Andrei SvechnikovLW/RW0000043023:432:5506:0700% 1
Cody GlassC0000000010:380:0000:00050% 2
Deryk EngellandD0000411623:273:2513:4500% 0
Dominik SimonC/LW/RW000-1150004:590:0100:2600% 0
Dylan CozensC0001001012:010:0000:0000% 0
Dylan LarkinC1011014015:083:0710:00041% 17
Elias PetterssonC0000005020:183:1405:21157% 30
Frans NielsenC000-1021010:513:0710:00067% 3
Jason RobertsonLW1010014020:293:2625:30054% 13
Jordan GreenwayLW/RW0112221019:533:1303:5100% 0
Mikko KoivuC000-100107:440:0000:00017% 6
Ron HainseyD0110011222:082:5616:1500% 0
Ryan SuterD0110222125:062:5525:0300% 0
Travis HamonicD0001010023:033:2505:4100% 0
Tucker PoolmanD000-1030011:420:0000:0000% 0
Ville HeinolaD0000011114:310:0100:5800% 0
Warren FoegeleLW/RW000-1002010:580:0000:270100% 1
Wilds
Player Name POS G A P +/- PIM HIT SHT SB MP PP MP PP SHT PK MP PK SHT FO% FOT
Anthony AngelloC000202108:080:0000:0000% 0
Brandon SutterC/RW0000205121:285:4722:51050% 36
Calle JarnkrokC/LW/RW0000005018:415:4721:31033% 3
Casey MittelstadtC000-1002012:090:0001:06050% 12
Charles HudonLW/RW112200308:080:0000:0000% 0
Colin WhiteC/RW0000402010:180:0000:000100% 1
Drake BathersonRW0000064118:385:4710:000100% 1
Ethan BearD000-1020119:570:0003:2500% 0
Jesper FastRW022-2033019:215:0422:4800% 1
Jordan KyrouC/LW/RW011-2002016:335:0400:00040% 5
Josh LeivoLW/RW0000002010:200:0000:0000% 1
Kevin ShattenkirkD0110001118:305:5610:3300% 0
Luca SbisaD0110033025:394:5502:5600% 0
Luke SchennD0001210114:050:0002:1400% 0
Nick LeddyD0000000019:524:5502:1600% 0
Nico SturmC/LW1010213018:095:0312:46062% 21
Rasmus AsplundC/LW/RW101200208:080:0000:00075% 8
Shayne GostisbehereD1120015121:565:5651:1700% 0

Stars

5 vs 5 Forward
Line #Left WingCenterRight WingPHYDFOFWanted %Time %Time Play
1Andrei SvechnikovElias PetterssonCody Glass0053026%10:38
2Jordan GreenwayDylan LarkinDylan Cozens0053029%12:01
3Jason RobertsonAndreas AthanasiouWarren Foegele1222426%10:31
4Dominik SimonMikko KoivuFrans Nielsen1401619%7:44
5 vs 5 Defense
Line #DefenseDefensePHYDFOFWanted %Time %Time Play
1Ville HeinolaRyan Suter1223031%12:53
2Travis HamonicDeryk Engelland1223032%13:08
3Ron HainseyTucker Poolman1222429%11:42
4Deryk EngellandRyan Suter122168%3:11
Power Play Forward
Line #Left WingCenterRight WingPHYDFOFWanted %Time %Time Play
1Andrei SvechnikovElias PetterssonJordan Greenway1225051%3:14
2Jason RobertsonDylan LarkinFrans Nielsen1225049%3:07
Power Play Defense
Line #DefenseDefensePHYDFOFWanted %Time %Time Play
1Ron HainseyRyan Suter1225046%2:56
2Travis HamonicDeryk Engelland1225054%3:25
Penalty Kill 4 Players Forward
Line #CenterWingPHYDFOFWanted %Time %Time Play
1Elias PetterssonAndrei Svechnikov1225049%5:21
2Jason RobertsonJordan Greenway1225051%5:30
Penalty Kill 4 Players Defense
Line #DefenseDefensePHYDFOFWanted %Time %Time Play
1Ron HainseyRyan Suter1225054%5:49
2Travis HamonicDeryk Engelland1225046%5:02
Penalty Kill 3 Players
Line #WingPHYDFOFWanted %Time %Time PlayDefenseDefensePHYDFOFWanted %Time %Time Play
1Elias Pettersson122500%0:00 Ron HainseyRyan Suter122500%0:00
2Andrei Svechnikov122500%0:00 Travis HamonicDeryk Engelland122500%0:00
4 vs 4 Forward
Line #CenterWingPHYDFOFWanted %Time %Time Play
1Elias PetterssonAndrei Svechnikov1225057%1:05
2Jason RobertsonJordan Greenway1225043%0:49
4 vs 4 Defense
Line #DefensePHYDFOFWanted %Time %Time Play
1Ron HainseyRyan Suter1225057%50% - 1:05
2Travis HamonicDeryk Engelland1225043%50% - 0:49
Last Minutes Offensive
Left WingCenterRight WingDefenseDefense
Andrei SvechnikovElias PetterssonCody GlassVille HeinolaRyan Suter
Last Minutes Defensive
Left WingCenterRight WingDefenseDefense
Andrei SvechnikovElias PetterssonCody GlassVille HeinolaRyan Suter
Time
Total ForwardTotal DefenseLast Minutes OffensiveLast Minutes Defensive
60:00 60:00 0:000:00
Extra Forwards
Normal PowerPlayPenalty Kill
Andrei Svechnikov, Frans Nielsen, Jason RobertsonElias Pettersson, Frans NielsenJason Robertson
Extra Defensemen
Normal PowerPlayPenalty Kill
Ron Hainsey, Ryan Suter, Travis HamonicRon Hainsey, Ryan SuterTravis Hamonic
Penalty Shots
Elias Pettersson, Andrei Svechnikov, Jason Robertson, Jordan Greenway, Cody Glass
Goalie
Jake Oettinger, Martin Jones
Custom OT Lines Forwards
Elias Pettersson, Andrei Svechnikov, Cody Glass, Jordan Greenway, Warren Foegele, Jason Robertson, Andreas Athanasiou, Dylan Larkin, Mikko Koivu, Frans Nielsen
Custom OT Lines Defensemen
Ville Heinola, Ryan Suter, Travis Hamonic, Deryk Engelland, Ron Hainsey
Scratches
Martin Necas (Sprained Right Knee Injury), Brogan Rafferty (Healthy), Scott Harrington (Left Knee Injury)

Wilds

5 vs 5 Forward
Line #Left WingCenterRight WingPHYDFOFWanted %Time %Time Play
1Calle JarnkrokBrandon SutterDrake Batherson1222928%11:23
2Jordan KyrouCasey MittelstadtJesper Fast1222727%11:03
3Josh LeivoNico SturmColin White1222425%10:20
4Charles HudonRasmus AsplundAnthony Angello1222020%8:08
5 vs 5 Defense
Line #DefenseDefensePHYDFOFWanted %Time %Time Play
1Luca SbisaNick Leddy1223030%12:13
2Shayne GostisbehereEthan Bear1222832%12:59
3Luke SchennKevin Shattenkirk1222629%11:51
4Luca SbisaEthan Bear122169%3:51
Power Play Forward
Line #Left WingCenterRight WingPHYDFOFWanted %Time %Time Play
1Calle JarnkrokBrandon SutterDrake Batherson1135553%5:47
2Jordan KyrouNico SturmJesper Fast1134547%5:04
Power Play Defense
Line #DefenseDefensePHYDFOFWanted %Time %Time Play
1Shayne GostisbehereKevin Shattenkirk0235855%5:56
2Luca SbisaNick Leddy0234245%4:55
Penalty Kill 4 Players Forward
Line #CenterWingPHYDFOFWanted %Time %Time Play
1Brandon SutterJesper Fast1315868%3:10
2Calle JarnkrokNico Sturm1314232%1:31
Penalty Kill 4 Players Defense
Line #DefenseDefensePHYDFOFWanted %Time %Time Play
1Luca SbisaLuke Schenn2215551%2:23
2Ethan BearNick Leddy2214549%2:18
Penalty Kill 3 Players
Line #WingPHYDFOFWanted %Time %Time PlayDefenseDefensePHYDFOFWanted %Time %Time Play
1Brandon Sutter14058100%1:40 Luke SchennEthan Bear2305467%1:07
2Calle Jarnkrok140420%0:00 Luca SbisaKevin Shattenkirk2304633%0:33
4 vs 4 Forward
Line #CenterWingPHYDFOFWanted %Time %Time Play
1Brandon SutterDrake Batherson1225077%1:28
2Jordan KyrouJesper Fast1225023%0:26
4 vs 4 Defense
Line #DefensePHYDFOFWanted %Time %Time Play
1Luca SbisaShayne Gostisbehere1225391%53% - 1:44
2Ethan BearKevin Shattenkirk122479%47% - 0:10
Last Minutes Offensive
Left WingCenterRight WingDefenseDefense
Colin WhiteCalle JarnkrokDrake BathersonKevin ShattenkirkShayne Gostisbehere
Last Minutes Defensive
Left WingCenterRight WingDefenseDefense
Jesper FastBrandon SutterCalle JarnkrokLuke SchennEthan Bear
Time
Total ForwardTotal DefenseLast Minutes OffensiveLast Minutes Defensive
60:00 60:00 0:000:00
Extra Forwards
Normal PowerPlayPenalty Kill
Jesper Fast, Nico Sturm, Drake BathersonColin White, Josh LeivoNico Sturm
Extra Defensemen
Normal PowerPlayPenalty Kill
Luca Sbisa, Kevin Shattenkirk, Shayne GostisbehereEthan Bear, Shayne GostisbehereEthan Bear
Penalty Shots
Drake Batherson, Jesper Fast, Calle Jarnkrok, Jordan Kyrou, Casey Mittelstadt
Goalie
Devan Dubnyk, Carter Hutton
Custom OT Lines Forwards
Drake Batherson, Calle Jarnkrok, Brandon Sutter, Jordan Kyrou, Jesper Fast, Colin White, Nico Sturm, Casey Mittelstadt, Anthony Angello, Rasmus Asplund
Custom OT Lines Defensemen
Luca Sbisa, Nick Leddy, Shayne Gostisbehere, Kevin Shattenkirk, Ethan Bear
Scratches
Juuso Riikola (Healthy), Oliver Kylington (Healthy)


Play-by-Play

1st period


0:01 of 1st period - Elias Pettersson wins face-off versus Brandon Sutter in neutral zone.
0:08 of 1st period - Shot by Ryan Suter.
0:08 of 1st period - Shot Blocked by Brandon Sutter.
1:17 of 1st period - Shot by Casey Mittelstadt.
1:17 of 1st period - Stopped by Jake Oettinger with a rebound.
1:19 of 1st period - Shot by Ethan Bear.
1:19 of 1st period - Shot Misses the Net.
1:21 of 1st period - Shot by Jordan Kyrou.
1:21 of 1st period - Stopped by Jake Oettinger with a rebound.
1:53 of 1st period - Icing by Ethan Bear.
1:54 of 1st period - Warren Foegele wins face-off versus Casey Mittelstadt in Wilds zone.
2:01 of 1st period - Shot by Andreas Athanasiou.
2:01 of 1st period - Stopped by Devan Dubnyk with a rebound.
2:19 of 1st period - Shot by Josh Leivo.
2:19 of 1st period - Stopped by Jake Oettinger with a rebound.
2:21 of 1st period - Shot by Luke Schenn.
2:21 of 1st period - Shot Misses the Net.
2:23 of 1st period - Shot by Colin White.
2:23 of 1st period - Stopped by Jake Oettinger without a rebound.
2:24 of 1st period - Rasmus Asplund wins face-off versus Mikko Koivu in Stars zone.
2:40 of 1st period - Shot by Frans Nielsen.
2:40 of 1st period - Shot Hit the Post.
2:47 of 1st period - Rasmus Asplund is hit by Ryan Suter and loses puck.
2:50 of 1st period - Shot by Rasmus Asplund.
2:50 of 1st period - Goal by Rasmus Asplund - Stars : 0 - Wilds : 1.
2:51 of 1st period - Nico Sturm wins face-off versus Andreas Athanasiou in neutral zone.
2:56 of 1st period - Shot by Josh Leivo.
2:56 of 1st period - Stopped by Jake Oettinger without a rebound.
2:57 of 1st period - Elias Pettersson wins face-off versus Josh Leivo in Stars zone.
3:34 of 1st period - Ethan Bear is hit by Andrei Svechnikov and loses puck.
4:01 of 1st period - Ron Hainsey is hit by Anthony Angello and loses puck.
4:12 of 1st period - Shot by Warren Foegele.
4:12 of 1st period - Stopped by Devan Dubnyk with a rebound.
4:20 of 1st period - Shot by Andreas Athanasiou.
4:20 of 1st period - Shot Misses the Net.
4:22 of 1st period - Shot by Andreas Athanasiou.
4:22 of 1st period - Shot Blocked by Kevin Shattenkirk.
4:34 of 1st period - Shot by Warren Foegele.
4:34 of 1st period - Stopped by Devan Dubnyk without a rebound.
4:35 of 1st period - Brandon Sutter wins face-off versus Dylan Larkin in Wilds zone.
5:08 of 1st period - Shot by Dylan Cozens.
5:08 of 1st period - Stopped by Devan Dubnyk with a rebound.
6:04 of 1st period - Off-side.
6:05 of 1st period - Nico Sturm wins face-off versus Andreas Athanasiou in neutral zone.
6:23 of 1st period - Colin White is hit by Ron Hainsey and loses puck.
6:26 of 1st period - Shot by Nico Sturm.
6:26 of 1st period - Stopped by Jake Oettinger without a rebound.
6:27 of 1st period - Rasmus Asplund wins face-off versus Cody Glass in Stars zone.
7:35 of 1st period - Shot by Josh Leivo.
7:35 of 1st period - Deflect By Nico Sturm.
7:35 of 1st period - Stopped by Jake Oettinger without a rebound.
7:36 of 1st period - Dylan Larkin wins face-off versus Jordan Kyrou in Stars zone.
7:48 of 1st period - Luca Sbisa is hit by Dylan Larkin and loses puck.
7:52 of 1st period - Nick Leddy is hit by Jordan Greenway and loses puck.
8:07 of 1st period - Shot by Jordan Kyrou.
8:07 of 1st period - Shot Blocked by Ryan Suter.
8:09 of 1st period - Shot by Nick Leddy.
8:09 of 1st period - Shot Blocked by Ville Heinola.
8:11 of 1st period - Shot by Jesper Fast.
8:11 of 1st period - Stopped by Jake Oettinger without a rebound.
8:11 of 1st period - Minor Penalty to Ryan Suter for Hooking.
8:12 of 1st period - Brandon Sutter wins face-off versus Jason Robertson in Stars zone.
8:13 of 1st period - Shot by Shayne Gostisbehere.
8:13 of 1st period - Stopped by Jake Oettinger without a rebound.
8:14 of 1st period - Elias Pettersson wins face-off versus Brandon Sutter in Stars zone.
8:43 of 1st period - Shot by Brandon Sutter.
8:43 of 1st period - Shot Misses the Net.
8:47 of 1st period - Shot by Kevin Shattenkirk.
8:47 of 1st period - Shot Misses the Net.
8:56 of 1st period - Shot by Calle Jarnkrok.
8:56 of 1st period - Shot Misses the Net.
9:18 of 1st period - Shot by Luca Sbisa.
9:18 of 1st period - Shot Misses the Net.
9:39 of 1st period - Shot by Nick Leddy.
9:39 of 1st period - Shot Blocked by Ron Hainsey.
10:09 of 1st period - Shot by Brandon Sutter.
10:09 of 1st period - Stopped by Jake Oettinger without a rebound.
10:10 of 1st period - Brandon Sutter wins face-off versus Jason Robertson in Stars zone.
10:18 of 1st period - Rasmus Asplund is hit by Deryk Engelland and loses puck.
10:27 of 1st period - Shot by Mikko Koivu.
10:27 of 1st period - Deflect By Dominik Simon.
10:27 of 1st period - Shot Misses the Net.
11:18 of 1st period - Icing by Frans Nielsen.
11:19 of 1st period - Brandon Sutter wins face-off versus Mikko Koivu in Stars zone.
11:26 of 1st period - Shot by Drake Batherson.
11:26 of 1st period - Stopped by Jake Oettinger without a rebound.
11:27 of 1st period - Brandon Sutter wins face-off versus Andreas Athanasiou in Stars zone.
11:28 of 1st period - Shot by Calle Jarnkrok.
11:28 of 1st period - Stopped by Jake Oettinger without a rebound.
11:29 of 1st period - Brandon Sutter wins face-off versus Andreas Athanasiou in Stars zone.
12:14 of 1st period - Off-side.
12:15 of 1st period - Casey Mittelstadt wins face-off versus Dylan Larkin in neutral zone.
13:03 of 1st period - Minor Penalty to Colin White for Interference.
13:04 of 1st period - Brandon Sutter wins face-off versus Frans Nielsen in Wilds zone.
13:09 of 1st period - Shot by Brandon Sutter.
13:09 of 1st period - Shot Hit the Post.
13:21 of 1st period - Shot by Jason Robertson.
13:21 of 1st period - Shot Misses the Net.
13:23 of 1st period - Shot by Frans Nielsen.
13:23 of 1st period - Shot Misses the Net.
13:31 of 1st period - Shot by Jason Robertson.
13:31 of 1st period - Stopped by Devan Dubnyk with a rebound.
13:33 of 1st period - Shot by Deryk Engelland.
13:33 of 1st period - Stopped by Devan Dubnyk without a rebound.
13:34 of 1st period - Calle Jarnkrok wins face-off versus Elias Pettersson in Wilds zone.
13:34 of 1st period - Calle Jarnkrok is hit by Andrei Svechnikov.
14:33 of 1st period - Brandon Sutter is hit by Jason Robertson and loses puck.
14:44 of 1st period - Shot by Jason Robertson.
14:44 of 1st period - Shot Misses the Net.
14:56 of 1st period - Calle Jarnkrok is hit by Frans Nielsen and loses puck.
15:11 of 1st period - Shot by Charles Hudon.
15:11 of 1st period - Goal by Charles Hudon - Stars : 0 - Wilds : 2.
15:12 of 1st period - Elias Pettersson wins face-off versus Rasmus Asplund in neutral zone.
15:23 of 1st period - Shot by Cody Glass.
15:23 of 1st period - Shot Blocked by Ethan Bear.
15:29 of 1st period - Shot by Elias Pettersson.
15:29 of 1st period - Stopped by Devan Dubnyk without a rebound.
15:30 of 1st period - Brandon Sutter wins face-off versus Mikko Koivu in Wilds zone.
15:37 of 1st period - Shot by Drake Batherson.
15:37 of 1st period - Shot Misses the Net.
15:58 of 1st period - Icing by Mikko Koivu.
15:59 of 1st period - Mikko Koivu wins face-off versus Casey Mittelstadt in Stars zone.
16:35 of 1st period - Shot by Jordan Kyrou.
16:35 of 1st period - Stopped by Jake Oettinger without a rebound.
16:36 of 1st period - Nico Sturm wins face-off versus Elias Pettersson in Stars zone.
16:48 of 1st period - Deryk Engelland is hit by Ethan Bear and loses puck.
16:52 of 1st period - Icing by Ethan Bear.
16:53 of 1st period - Dylan Larkin wins face-off versus Nico Sturm in Wilds zone.
17:16 of 1st period - Shot by Nico Sturm.
17:16 of 1st period - Shot Blocked by Ron Hainsey.
17:22 of 1st period - Shot by Josh Leivo.
17:22 of 1st period - Shot Misses the Net.
17:24 of 1st period - Shot by Nico Sturm.
17:24 of 1st period - Shot Misses the Net.
17:26 of 1st period - Shot by Colin White.
17:26 of 1st period - Stopped by Jake Oettinger with a rebound.
17:56 of 1st period - Shot by Elias Pettersson.
17:56 of 1st period - Stopped by Devan Dubnyk without a rebound.
17:57 of 1st period - Jordan Kyrou wins face-off versus Andreas Athanasiou in Wilds zone.
18:15 of 1st period - Shot by Casey Mittelstadt.
18:15 of 1st period - Stopped by Jake Oettinger without a rebound.
18:16 of 1st period - Cody Glass wins face-off versus Brandon Sutter in Stars zone.
18:26 of 1st period - Minor Penalty to Deryk Engelland for Cross-checking.
18:27 of 1st period - Nico Sturm wins face-off versus Jason Robertson in Stars zone.
18:31 of 1st period - Minor Penalty to Nico Sturm for Holding.
18:32 of 1st period - Elias Pettersson wins face-off versus Brandon Sutter in Wilds zone.
19:27 of 1st period - Travis Hamonic is hit by Drake Batherson and loses puck.
Goals for this period are 0 for Stars vs 2 for Wilds.
Shots for this period are 8 for Stars vs 17 for Wilds.

2nd period


0:01 of 2nd period - Jason Robertson wins face-off versus Jordan Kyrou in neutral zone.
0:04 of 2nd period - Ethan Bear is hit by Jordan Greenway and loses puck.
0:09 of 2nd period - Shot by Jason Robertson.
0:09 of 2nd period - Goal by Jason Robertson - Stars : 1 - Wilds : 2.
0:10 of 2nd period - Jordan Kyrou wins face-off versus Elias Pettersson in neutral zone.
0:13 of 2nd period - Ryan Suter is hit by Jesper Fast and loses puck.
0:52 of 2nd period - Shot by Kevin Shattenkirk.
0:52 of 2nd period - Shot Misses the Net.
1:05 of 2nd period - Minor Penalty to Jordan Greenway for Hooking.
1:06 of 2nd period - Elias Pettersson wins face-off versus Brandon Sutter in Stars zone.
1:15 of 2nd period - Ron Hainsey is hit by Drake Batherson and loses puck.
2:08 of 2nd period - Shot by Shayne Gostisbehere.
2:08 of 2nd period - Shot Misses the Net.
2:10 of 2nd period - Shot by Nico Sturm.
2:10 of 2nd period - Deflect By Jesper Fast.
2:10 of 2nd period - Shot Misses the Net.
2:12 of 2nd period - Shot by Jesper Fast.
2:12 of 2nd period - Stopped by Jake Oettinger without a rebound.
2:13 of 2nd period - Nico Sturm wins face-off versus Jason Robertson in Stars zone.
2:18 of 2nd period - Shot by Shayne Gostisbehere.
2:18 of 2nd period - Stopped by Jake Oettinger without a rebound.
2:19 of 2nd period - Nico Sturm wins face-off versus Jason Robertson in Stars zone.
2:54 of 2nd period - Shot by Shayne Gostisbehere.
2:54 of 2nd period - Goal by Shayne Gostisbehere - Stars : 1 - Wilds : 3.
2:55 of 2nd period - Dylan Larkin wins face-off versus Brandon Sutter in neutral zone.
3:02 of 2nd period - Shot by Dylan Cozens.
3:02 of 2nd period - Shot Misses the Net.
3:04 of 2nd period - Shot by Ryan Suter.
3:04 of 2nd period - Shot Misses the Net.
3:06 of 2nd period - Shot by Dylan Larkin.
3:06 of 2nd period - Stopped by Devan Dubnyk without a rebound.
3:07 of 2nd period - Rasmus Asplund wins face-off versus Mikko Koivu in Wilds zone.
3:43 of 2nd period - Shot by Dominik Simon.
3:43 of 2nd period - Shot Misses the Net.
4:00 of 2nd period - Off-side.
4:01 of 2nd period - Brandon Sutter wins face-off versus Elias Pettersson in neutral zone.
4:05 of 2nd period - Icing by Ville Heinola.
4:06 of 2nd period - Brandon Sutter wins face-off versus Elias Pettersson in Stars zone.
4:24 of 2nd period - Icing by Ville Heinola.
4:25 of 2nd period - Elias Pettersson wins face-off versus Casey Mittelstadt in Stars zone.
4:52 of 2nd period - Shot by Andrei Svechnikov.
4:52 of 2nd period - Stopped by Devan Dubnyk without a rebound.
4:53 of 2nd period - Brandon Sutter wins face-off versus Andreas Athanasiou in Wilds zone.
5:05 of 2nd period - Shot by Brandon Sutter.
5:05 of 2nd period - Deflect By Calle Jarnkrok.
5:05 of 2nd period - Stopped by Jake Oettinger without a rebound.
5:06 of 2nd period - Nico Sturm wins face-off versus Dylan Larkin in Stars zone.
6:03 of 2nd period - Icing by Kevin Shattenkirk.
6:04 of 2nd period - Elias Pettersson wins face-off versus Nico Sturm in Wilds zone.
6:06 of 2nd period - Andrei Svechnikov is hit by Luke Schenn.
6:22 of 2nd period - Shot by Elias Pettersson.
6:22 of 2nd period - Deflect By Andrei Svechnikov.
6:22 of 2nd period - Shot Blocked by Luke Schenn.
6:24 of 2nd period - Shot by Andrei Svechnikov.
6:24 of 2nd period - Stopped by Devan Dubnyk without a rebound.
6:25 of 2nd period - Andreas Athanasiou wins face-off versus Brandon Sutter in Wilds zone.
6:26 of 2nd period - Shot by Jason Robertson.
6:26 of 2nd period - Stopped by Devan Dubnyk without a rebound.
6:27 of 2nd period - Brandon Sutter wins face-off versus Andreas Athanasiou in Wilds zone.
7:58 of 2nd period - Shot by Casey Mittelstadt.
7:58 of 2nd period - Shot Blocked by Deryk Engelland.
8:29 of 2nd period - Icing by Travis Hamonic.
8:30 of 2nd period - Nico Sturm wins face-off versus Elias Pettersson in Stars zone.
8:34 of 2nd period - Minor Penalty to Colin White for Tripping.
8:35 of 2nd period - Dylan Larkin wins face-off versus Brandon Sutter in Wilds zone.
8:36 of 2nd period - Shot by Ryan Suter.
8:36 of 2nd period - Stopped by Devan Dubnyk with a rebound.
8:38 of 2nd period - Shot by Ryan Suter.
8:38 of 2nd period - Stopped by Devan Dubnyk with a rebound.
8:40 of 2nd period - Shot by Frans Nielsen.
8:40 of 2nd period - Stopped by Devan Dubnyk without a rebound.
8:41 of 2nd period - Frans Nielsen wins face-off versus Brandon Sutter in Wilds zone.
10:05 of 2nd period - Icing by Travis Hamonic.
10:06 of 2nd period - Brandon Sutter wins face-off versus Elias Pettersson in Stars zone.
10:46 of 2nd period - Major / Game Misconduct Penalty to Dominik Simon for Attempt to injure.
10:46 of 2nd period - Dominik Simon is ejected from game.
10:47 of 2nd period - Jason Robertson wins face-off versus Brandon Sutter in Stars zone.
11:16 of 2nd period - Icing by Shayne Gostisbehere.
11:17 of 2nd period - Elias Pettersson wins face-off versus Brandon Sutter in Wilds zone.
11:20 of 2nd period - Shot by Elias Pettersson.
11:20 of 2nd period - Stopped by Devan Dubnyk without a rebound.
11:21 of 2nd period - Nico Sturm wins face-off versus Jason Robertson in Wilds zone.
11:34 of 2nd period - Shot by Jordan Kyrou.
11:34 of 2nd period - Shot Misses the Net.
12:21 of 2nd period - Andrei Svechnikov is hit by Drake Batherson and loses puck.
12:31 of 2nd period - Elias Pettersson is hit by Shayne Gostisbehere and loses puck.
12:50 of 2nd period - Shot by Shayne Gostisbehere.
12:50 of 2nd period - Stopped by Jake Oettinger with a rebound.
12:52 of 2nd period - Shot by Calle Jarnkrok.
12:52 of 2nd period - Stopped by Jake Oettinger without a rebound.
12:53 of 2nd period - Jason Robertson wins face-off versus Nico Sturm in Stars zone.
13:14 of 2nd period - Shot by Shayne Gostisbehere.
13:14 of 2nd period - Stopped by Jake Oettinger with a rebound.
13:16 of 2nd period - Shot by Jesper Fast.
13:16 of 2nd period - Stopped by Jake Oettinger without a rebound.
13:17 of 2nd period - Jason Robertson wins face-off versus Brandon Sutter in Stars zone.
13:17 of 2nd period - Jason Robertson is hit by Drake Batherson.
13:39 of 2nd period - Shot by Drake Batherson.
13:39 of 2nd period - Stopped by Jake Oettinger without a rebound.
13:40 of 2nd period - Jason Robertson wins face-off versus Brandon Sutter in Stars zone.
14:01 of 2nd period - Shot by Calle Jarnkrok.
14:01 of 2nd period - Shot Blocked by Deryk Engelland.
14:18 of 2nd period - Off-side.
14:19 of 2nd period - Elias Pettersson wins face-off versus Nico Sturm in neutral zone.
14:57 of 2nd period - Shot by Jesper Fast.
14:57 of 2nd period - Shot Misses the Net.
14:59 of 2nd period - Shot by Luca Sbisa.
14:59 of 2nd period - Shot Misses the Net.
15:01 of 2nd period - Shot by Jesper Fast.
15:01 of 2nd period - Shot Misses the Net.
15:03 of 2nd period - Shot by Nico Sturm.
15:03 of 2nd period - Goal by Nico Sturm - Stars : 1 - Wilds : 4.
15:04 of 2nd period - Jason Robertson wins face-off versus Brandon Sutter in neutral zone.
15:23 of 2nd period - Shot by Kevin Shattenkirk.
15:23 of 2nd period - Stopped by Jake Oettinger with a rebound.
15:25 of 2nd period - Shot by Kevin Shattenkirk.
15:25 of 2nd period - Shot Misses the Net.
15:27 of 2nd period - Shot by Shayne Gostisbehere.
15:27 of 2nd period - Shot Misses the Net.
15:29 of 2nd period - Shot by Kevin Shattenkirk.
15:29 of 2nd period - Shot Blocked by Deryk Engelland.
15:31 of 2nd period - Shot by Brandon Sutter.
15:31 of 2nd period - Shot Misses the Net.
15:53 of 2nd period - Luca Sbisa is hit by Frans Nielsen.
16:14 of 2nd period - Shot by Mikko Koivu.
16:14 of 2nd period - Stopped by Devan Dubnyk without a rebound.
16:15 of 2nd period - Nico Sturm wins face-off versus Andreas Athanasiou in Wilds zone.
17:53 of 2nd period - Shayne Gostisbehere is hit by Tucker Poolman and loses puck.
18:03 of 2nd period - Icing by Ethan Bear.
18:04 of 2nd period - Andreas Athanasiou wins face-off versus Jordan Kyrou in Wilds zone.
18:27 of 2nd period - Shot by Andreas Athanasiou.
18:27 of 2nd period - Shot Misses the Net.
18:29 of 2nd period - Shot by Ryan Suter.
18:29 of 2nd period - Shot Misses the Net.
18:31 of 2nd period - Shot by Andreas Athanasiou.
18:31 of 2nd period - Stopped by Devan Dubnyk without a rebound.
18:32 of 2nd period - Brandon Sutter wins face-off versus Dylan Larkin in Wilds zone.
18:45 of 2nd period - Shot by Luca Sbisa.
18:45 of 2nd period - Stopped by Jake Oettinger with a rebound.
18:55 of 2nd period - Shot by Drake Batherson.
18:55 of 2nd period - Stopped by Jake Oettinger with a rebound.
19:01 of 2nd period - Shot by Brandon Sutter.
19:01 of 2nd period - Shot Misses the Net.
19:03 of 2nd period - Shot by Brandon Sutter.
19:03 of 2nd period - Stopped by Jake Oettinger without a rebound.
19:04 of 2nd period - Colin White wins face-off versus Andrei Svechnikov in Stars zone.
Goals for this period are 1 for Stars vs 2 for Wilds.
Shots for this period are 11 for Stars vs 14 for Wilds.

3rd period


0:01 of 3rd period - Elias Pettersson wins face-off versus Brandon Sutter in neutral zone.
0:19 of 3rd period - Andrei Svechnikov is hit by Luca Sbisa and loses puck.
0:24 of 3rd period - Shot by Elias Pettersson.
0:24 of 3rd period - Stopped by Devan Dubnyk with a rebound.
0:26 of 3rd period - Shot by Travis Hamonic.
0:26 of 3rd period - Shot Blocked by Drake Batherson.
0:28 of 3rd period - Shot by Travis Hamonic.
0:28 of 3rd period - Shot Misses the Net.
1:15 of 3rd period - Shot by Jordan Greenway.
1:15 of 3rd period - Stopped by Devan Dubnyk with a rebound.
1:21 of 3rd period - Shot by Dylan Larkin.
1:21 of 3rd period - Goal by Dylan Larkin - Stars : 2 - Wilds : 4.
1:22 of 3rd period - Rasmus Asplund wins face-off versus Andreas Athanasiou in neutral zone.
1:22 of 3rd period - Rasmus Asplund is hit by Andreas Athanasiou.
1:28 of 3rd period - Icing by Ron Hainsey.
1:29 of 3rd period - Andreas Athanasiou wins face-off versus Casey Mittelstadt in Stars zone.
1:39 of 3rd period - Icing by Jesper Fast.
1:40 of 3rd period - Casey Mittelstadt wins face-off versus Dylan Larkin in Wilds zone.
2:01 of 3rd period - Jordan Greenway is hit by Jesper Fast and loses puck.
2:52 of 3rd period - Icing by Jesper Fast.
2:53 of 3rd period - Andreas Athanasiou wins face-off versus Casey Mittelstadt in Wilds zone.
3:36 of 3rd period - Shot by Drake Batherson.
3:36 of 3rd period - Shot Misses the Net.
4:32 of 3rd period - Kevin Shattenkirk is hit by Tucker Poolman.
4:34 of 3rd period - Shot by Rasmus Asplund.
4:34 of 3rd period - Stopped by Jake Oettinger with a rebound.
5:20 of 3rd period - Icing by Nico Sturm.
5:21 of 3rd period - Dylan Larkin wins face-off versus Nico Sturm in Wilds zone.
5:22 of 3rd period - Shot by Ville Heinola.
5:22 of 3rd period - Shot Misses the Net.
5:24 of 3rd period - Shot by Ryan Suter.
5:24 of 3rd period - Shot Misses the Net.
5:26 of 3rd period - Shot by Ville Heinola.
5:26 of 3rd period - Stopped by Devan Dubnyk without a rebound.
5:27 of 3rd period - Brandon Sutter wins face-off versus Dylan Larkin in Wilds zone.
5:33 of 3rd period - Ethan Bear is hit by Ville Heinola and loses puck.
5:59 of 3rd period - Shot by Calle Jarnkrok.
5:59 of 3rd period - Stopped by Jake Oettinger without a rebound.
6:00 of 3rd period - Casey Mittelstadt wins face-off versus Elias Pettersson in Stars zone.
6:13 of 3rd period - Shot by Elias Pettersson.
6:13 of 3rd period - Stopped by Devan Dubnyk without a rebound.
6:14 of 3rd period - Nico Sturm wins face-off versus Mikko Koivu in Wilds zone.
6:31 of 3rd period - Nico Sturm is hit by Andrei Svechnikov and loses puck.
6:47 of 3rd period - Shot by Andrei Svechnikov.
6:47 of 3rd period - Stopped by Devan Dubnyk with a rebound.
6:54 of 3rd period - Nick Leddy is hit by Andrei Svechnikov and loses puck.
7:06 of 3rd period - Minor Penalty to Brandon Sutter for Interference.
7:07 of 3rd period - Elias Pettersson wins face-off versus Casey Mittelstadt in Wilds zone.
7:10 of 3rd period - Shot by Jason Robertson.
7:10 of 3rd period - Stopped by Devan Dubnyk with a rebound.
7:12 of 3rd period - Shot by Ryan Suter.
7:12 of 3rd period - Shot Misses the Net.
7:14 of 3rd period - Shot by Ryan Suter.
7:14 of 3rd period - Shot Misses the Net.
7:20 of 3rd period - Shot by Ryan Suter.
7:20 of 3rd period - Shot Misses the Net.
7:22 of 3rd period - Shot by Ryan Suter.
7:22 of 3rd period - Shot Misses the Net.
7:25 of 3rd period - Minor Penalty to Luke Schenn for Hooking.
7:26 of 3rd period - Casey Mittelstadt wins face-off versus Dylan Larkin in Wilds zone.
7:43 of 3rd period - Shot by Ryan Suter.
7:43 of 3rd period - Deflect By Dylan Larkin.
7:43 of 3rd period - Shot Blocked by Shayne Gostisbehere.
7:45 of 3rd period - Shot by Ron Hainsey.
7:45 of 3rd period - Shot Misses the Net.
7:47 of 3rd period - Shot by Ron Hainsey.
7:47 of 3rd period - Stopped by Devan Dubnyk without a rebound.
7:48 of 3rd period - Casey Mittelstadt wins face-off versus Elias Pettersson in Wilds zone.
7:58 of 3rd period - Off-side.
7:59 of 3rd period - Elias Pettersson wins face-off versus Nico Sturm in neutral zone.
8:32 of 3rd period - Shot by Andrei Svechnikov.
8:32 of 3rd period - Shot Misses the Net.
8:54 of 3rd period - Shot by Dylan Larkin.
8:54 of 3rd period - Stopped by Devan Dubnyk without a rebound.
8:55 of 3rd period - Frans Nielsen wins face-off versus Nico Sturm in Wilds zone.
9:16 of 3rd period - Icing by Ron Hainsey.
9:17 of 3rd period - Brandon Sutter wins face-off versus Dylan Larkin in Stars zone.
9:26 of 3rd period - Shot by Charles Hudon.
9:26 of 3rd period - Stopped by Jake Oettinger without a rebound.
9:27 of 3rd period - Elias Pettersson wins face-off versus Calle Jarnkrok in Stars zone.
9:36 of 3rd period - Shot by Andrei Svechnikov.
9:36 of 3rd period - Shot Misses the Net.
9:46 of 3rd period - Shot by Drake Batherson.
9:46 of 3rd period - Deflect By Calle Jarnkrok.
9:46 of 3rd period - Shot Blocked by Deryk Engelland.
9:48 of 3rd period - Shot by Luca Sbisa.
9:48 of 3rd period - Stopped by Jake Oettinger with a rebound.
9:50 of 3rd period - Shot by Brandon Sutter.
9:50 of 3rd period - Shot Blocked by Deryk Engelland.
9:52 of 3rd period - Shot by Drake Batherson.
9:52 of 3rd period - Deflect By Calle Jarnkrok.
9:52 of 3rd period - Shot Misses the Net.
9:58 of 3rd period - Shot by Brandon Sutter.
9:58 of 3rd period - Stopped by Jake Oettinger without a rebound.
9:59 of 3rd period - Dylan Larkin wins face-off versus Jesper Fast in Stars zone.
10:06 of 3rd period - Shot by Dylan Larkin.
10:06 of 3rd period - Shot Hit the Post.
10:53 of 3rd period - Ryan Suter is hit by Anthony Angello and loses puck.
11:01 of 3rd period - Rasmus Asplund is hit by Ryan Suter and loses puck.
11:04 of 3rd period - Shot by Anthony Angello.
11:04 of 3rd period - Stopped by Jake Oettinger with a rebound.
11:06 of 3rd period - Shot by Luca Sbisa.
11:06 of 3rd period - Stopped by Jake Oettinger without a rebound.
11:07 of 3rd period - Elias Pettersson wins face-off versus Brandon Sutter in Stars zone.
11:07 of 3rd period - Elias Pettersson is hit by Drake Batherson.
11:48 of 3rd period - Travis Hamonic is hit by Drake Batherson and loses puck.
12:36 of 3rd period - Jason Robertson is hit by Luca Sbisa and loses puck.
13:01 of 3rd period - Shot by Jordan Kyrou.
13:01 of 3rd period - Shot Misses the Net.
13:39 of 3rd period - Icing by Ville Heinola.
13:40 of 3rd period - Rasmus Asplund wins face-off versus Dylan Larkin in Stars zone.
14:21 of 3rd period - Icing by Ryan Suter.
14:22 of 3rd period - Nico Sturm wins face-off versus Dylan Larkin in Stars zone.
14:36 of 3rd period - Dylan Larkin is hit by Ethan Bear and loses puck.
14:58 of 3rd period - Minor Penalty to Deryk Engelland for Hooking.
14:59 of 3rd period - Brandon Sutter wins face-off versus Elias Pettersson in Stars zone.
15:04 of 3rd period - Shot by Calle Jarnkrok.
15:04 of 3rd period - Shot Misses the Net.
15:06 of 3rd period - Shot by Brandon Sutter.
15:06 of 3rd period - Shot Misses the Net.
15:08 of 3rd period - Shot by Brandon Sutter.
15:08 of 3rd period - Stopped by Jake Oettinger without a rebound.
15:09 of 3rd period - Brandon Sutter wins face-off versus Elias Pettersson in Stars zone.
15:09 of 3rd period - Luca Sbisa is hit by Travis Hamonic and loses puck.
15:16 of 3rd period - Shot by Drake Batherson.
15:16 of 3rd period - Deflect By Calle Jarnkrok.
15:16 of 3rd period - Stopped by Jake Oettinger without a rebound.
15:17 of 3rd period - Elias Pettersson wins face-off versus Brandon Sutter in Stars zone.
16:07 of 3rd period - Icing by Luca Sbisa.
16:08 of 3rd period - Jason Robertson wins face-off versus Nico Sturm in Wilds zone.
16:15 of 3rd period - Travis Hamonic is hit by Nico Sturm and loses puck.
17:08 of 3rd period - Shot by Anthony Angello.
17:08 of 3rd period - Shot Blocked by Deryk Engelland.
17:10 of 3rd period - Shot by Charles Hudon.
17:10 of 3rd period - Stopped by Jake Oettinger without a rebound.
17:11 of 3rd period - Dylan Larkin wins face-off versus Brandon Sutter in Stars zone.
17:30 of 3rd period - Shot by Drake Batherson.
17:30 of 3rd period - Stopped by Jake Oettinger without a rebound.
17:31 of 3rd period - Rasmus Asplund wins face-off versus Andreas Athanasiou in Stars zone.
17:41 of 3rd period - Icing by Ron Hainsey.
17:42 of 3rd period - Drake Batherson wins face-off versus Andreas Athanasiou in Stars zone.
17:51 of 3rd period - Shot by Brandon Sutter.
17:51 of 3rd period - Stopped by Jake Oettinger without a rebound.
17:52 of 3rd period - Casey Mittelstadt wins face-off versus Elias Pettersson in Stars zone.
18:09 of 3rd period - Travis Hamonic is hit by Jesper Fast.
18:10 of 3rd period - Icing by Travis Hamonic.
18:11 of 3rd period - Elias Pettersson wins face-off versus Calle Jarnkrok in Stars zone.
18:22 of 3rd period - Shot by Andrei Svechnikov.
18:22 of 3rd period - Deflect By Elias Pettersson.
18:22 of 3rd period - Shot Misses the Net.
18:39 of 3rd period - Icing by Andrei Svechnikov.
18:40 of 3rd period - Nico Sturm wins face-off versus Elias Pettersson in Stars zone.
18:50 of 3rd period - Andrei Svechnikov is hit by Luca Sbisa and loses puck.
19:23 of 3rd period - Shot by Dylan Larkin.
19:23 of 3rd period - Stopped by Devan Dubnyk without a rebound.
19:24 of 3rd period - Andreas Athanasiou wins face-off versus Rasmus Asplund in Wilds zone.
19:30 of 3rd period - Shayne Gostisbehere is hit by Tucker Poolman and loses puck.
Goals for this period are 1 for Stars vs 0 for Wilds.
Shots for this period are 10 for Stars vs 12 for Wilds.